 Dungeon Crawl Stone Soup version 0.27-a0-1548-gf8a67e7463 (webtiles) character file.

Game seed: 18034315685003622221

203 Lemonice the Covert (level 5, 0/47 HPs)
             Began as a Gnoll Delver on July 14, 2021.
             Slain by a gnoll (4 damage)
             ... on level 6 of the Dungeon.
             The game lasted 00:01:53 (1324 turns).

Lemonice the Covert (Gnoll Delver)                  Turns: 1324, Time: 00:01:53

Health: 0/47       AC:  4    Str: 12    XL:     5   Next: 81%
Magic:  7/7        EV: 13    Int: 10    God:
Gold:   51         SH:  0    Dex: 13    Spells: 7/7 levels left

rFire    . . .     SeeInvis .   a - +0 falchion
rCold    . . .     Faith    .   (no shield)
rNeg     . . .     Spirit   .   b - +0 leather armour
rPois    .         Reflect  .   (no helmet)
rElec    .         Harm     .   (no cloak)
rCorr    .         Rampage  .   f - +0 pair of gloves
Will     .....                  (no boots)
Stlth    ++++......             (no amulet)
HPRegen  0.15/turn              (no ring)
MPRegen  0.10/turn              (no ring)

@: no status effects
A: fangs 1, strong nose, distributed training
a: no special abilities


You were on level 6 of the Dungeon.
You visited 1 branch of the dungeon, and saw 2 of its levels.

You collected 51 gold pieces.

Inventory:

Hand Weapons
 a - a +0 falchion (weapon)
Armour
 b - a +0 leather armour (worn)
 f - a +0 pair of gloves (worn)
Wands
 g - a wand of digging (3)
 j - a wand of charming (10)
Scrolls
 c - a scroll of fog
 d - a scroll of teleportation {unknown}
 e - a scroll of fear
 h - a scroll of identify {unknown}
 i - a scroll of brand weapon {unknown}


   Skills:
 + Level 6.7 Fighting
 + Level 1.6 Short Blades
 + Level 4.8 Long Blades
 + Level 1.6 Axes
 + Level 1.6 Maces & Flails
 + Level 1.6 Polearms
 + Level 1.6 Staves
 + Level 1.6 Slings
 + Level 1.6 Bows
 + Level 1.6 Crossbows
 + Level 1.6 Throwing
 + Level 1.6 Armour
 + Level 4.8 Dodging
 + Level 9.7 Stealth
 + Level 1.6 Shields
 + Level 1.6 Unarmed Combat
 + Level 1.6 Spellcasting
 + Level 1.3 Conjurations
 + Level 1.3 Hexes
 + Level 1.3 Summonings
 + Level 1.3 Necromancy
 + Level 1.3 Translocations
 + Level 1.3 Transmutations
 + Level 1.3 Fire Magic
 + Level 1.3 Ice Magic
 + Level 1.3 Air Magic
 + Level 1.3 Earth Magic
 + Level 1.3 Poison Magic
 + Level 1.8 Invocations
 + Level 1.6 Evocations


You had 7 spell levels left.
You didn't know any spells.
Your spell library contained the following spells:

 Spells                   Type           Power      Damage    Failure   Level
 Gell's Gravitas          Tloc           1%         N/A       58%         3
 Lesser Beckoning         Tloc           1%         N/A       58%         3
 Teleport Other           Tloc           3%         N/A       58%         3


Dungeon Overview and Level Annotations

Branches:
Dungeon (6/15)
 Temple: D:4-7

Altars:
Ashenzari
Okawaru
Uskayaw

Shops:
D:5 ?

Annotations:
D:5 3 runed translucent doors, fly's ghost, weakling HuDe


Innate Abilities, Weirdness & Mutations

You have very sharp teeth.
Your uncanny sense of smell can sniff out nearby items.
Your experience applies equally to all skills.


Message History

The gnoll hits you with a +0 whip.
You barely miss the gnoll. Your bite misses the gnoll.
The gnoll shaman calls upon its god to speed up the gnoll.
The gnoll seems to speed up.
The gnoll hits you with a +0 whip. The gnoll barely misses you.
You riposte.
You hit the gnoll.
The gnoll is lightly wounded.
You hit the gnoll.
The gnoll is heavily wounded.
The gnoll shaman calls upon its god to speed up the gnoll.
The gnoll seems to speed up.
The gnoll closely misses you.
You riposte.
You hit the gnoll but do no damage.
The gnoll is heavily wounded.
Your leather armour prevents you from hitting the gnoll.
The gnoll is heavily wounded.
The gnoll barely misses you.
You riposte.
You barely miss the gnoll.
The gnoll is heavily wounded.
You barely miss the gnoll.
The gnoll is heavily wounded.
The gnoll hits you with a +0 whip. The gnoll hits you with a +4 flail.
The gnoll hits you with a +4 flail. The gnoll barely misses you.
You riposte.
You hit the gnoll.
The gnoll is lightly wounded.
You barely miss the gnoll.
The gnoll is lightly wounded.
The gnoll barely misses you.
You riposte.
You barely miss the gnoll.
The gnoll is lightly wounded.
The gnoll closely misses you.
You hit the gnoll.
The gnoll is moderately wounded.
The gnoll hits you with a +4 flail.
You hit the gnoll but do no damage.
The gnoll is moderately wounded.
The gnoll hits you with a +4 flail!
* * * LOW HITPOINT WARNING * * *
The gnoll hits you with a +4 flail!
* * * LOW HITPOINT WARNING * * *
The gnoll hits you with a +4 flail.
You die...

....###....#
#...gg...#.#
..########.##
#>g## ∆ ##gg#
##.# #g# #g#
#@# #.# #.#
#.# #.# #.#
#.# #.# #.#


You could see a gnoll shaman and 4 gnolls.

Vanquished Creatures
  A phantom (D:5)
  A water moccasin zombie (D:5)
  2 iguanas (D:5)
  An adder (D:5)
  4 jackals (D:5)
  A quokka (D:5)
10 creatures vanquished.

Notes
Turn   | Place    | Note
-------+----------+-------------------------------------------
     0 | D:5      | Reached skill level 9 in Stealth
     0 | D:5      | Lemonice the Gnoll Delver began the quest for the Orb.
     0 | D:5      | Reached XP level 1. HP: 23/23 MP: 1/1
     9 | D:5      | Noticed a phantom
    27 | D:5      | Killed a phantom
    28 | D:5      | Reached skill level 1 in Short Blades
    28 | D:5      | Reached skill level 1 in Axes
    28 | D:5      | Reached skill level 1 in Maces & Flails
    28 | D:5      | Reached skill level 1 in Polearms
    28 | D:5      | Reached skill level 1 in Staves
    28 | D:5      | Reached skill level 1 in Slings
    28 | D:5      | Reached skill level 1 in Bows
    28 | D:5      | Reached skill level 1 in Crossbows
    28 | D:5      | Reached skill level 1 in Throwing
    28 | D:5      | Reached skill level 1 in Armour
    28 | D:5      | Reached skill level 1 in Shields
    28 | D:5      | Reached skill level 1 in Unarmed Combat
    28 | D:5      | Reached skill level 1 in Spellcasting
    28 | D:5      | Reached skill level 1 in Invocations
    28 | D:5      | Reached skill level 1 in Evocations
    28 | D:5      | Reached XP level 2. HP: 4/29 MP: 1/3
    28 | D:5      | Reached XP level 3. HP: 5/35 MP: 1/4
    28 | D:5      | Reached XP level 4. HP: 6/41 MP: 1/5
   364 | D:5      | Found Hatit's Magic Scroll Shop.
   417 | D:5      | Reached skill level 1 in Conjurations
   417 | D:5      | Reached skill level 1 in Hexes
   417 | D:5      | Reached skill level 1 in Summonings
   417 | D:5      | Reached skill level 1 in Necromancy
   417 | D:5      | Reached skill level 1 in Translocations
   417 | D:5      | Reached skill level 1 in Transmutations
   417 | D:5      | Reached skill level 1 in Fire Magic
   417 | D:5      | Reached skill level 1 in Ice Magic
   417 | D:5      | Reached skill level 1 in Air Magic
   417 | D:5      | Reached skill level 1 in Earth Magic
   417 | D:5      | Reached skill level 1 in Poison Magic
   675 | D:5      | Reached XP level 5. HP: 27/47 MP: 5/7
   680 | D:5      | Found an iron altar of Okawaru.
   680 | D:5      | Found a broken altar of Ashenzari.
  1235 | D:5      | Found a runed translucent gate.
  1235 | D:5      | Found a runed translucent gate.
  1235 | D:5      | Found a runed translucent gate.
  1236 | D:5      | Noticed a gargoyle
  1236 | D:5      | Noticed fly's ghost (weakling HuDe)
  1237 | D:5      | Noticed an ogre
  1302 | D:6      | Found a hide-covered altar of Uskayaw.
  1324 | D:6      | Slain by a gnoll

Illustrated notes

Levels and vault maps discovered:
D:5:      layout_loops_ring, gammafunk_temple_overflow_statue, serial_shops,
          nicolae_shop_crystal, gammafunk_ghost_split, roderic_batcave
D:6:      layout_rooms, eat_drink_and_be_merry_uskayaw, uniq_blork_the_orc

Skill      XL: |  1  2  3  4 |
---------------+-------------+-----
Stealth        | |  9.7
Short Blades   | 1 |  1.6
Axes           | 1 |  1.6
Maces & Flails | 1 |  1.6
Polearms       | 1 |  1.6
Staves         | 1 |  1.6
Slings         | 1 |  1.6
Bows           | 1 |  1.6
Crossbows      | 1 |  1.6
Throwing       | 1 |  1.6
Armour         | 1 |  1.6
Shields        | 1 |  1.6
Unarmed Combat | 1 |  1.6
Spellcasting   | 1 |  1.6
Invocations    | 1 |  1.8
Evocations     | 1 |  1.6
Conjurations   | 1 |  1.3
Hexes          | 1 |  1.3
Summonings     | 1 |  1.3
Necromancy     | 1 |  1.3
Translocations | 1 |  1.3
Transmutations | 1 |  1.3
Fire Magic     | 1 |  1.3
Ice Magic      | 1 |  1.3
Air Magic      | 1 |  1.3
Earth Magic    | 1 |  1.3
Poison Magic   | 1 |  1.3
Fighting       | |  6.7
Long Blades    | |  4.8
Dodging        | |  4.8

Action                   |  1- 3 |  4- 6 || total
-------------------------+-------+-------++-------
Melee: Falchion          |    14 |    60 ||    74
       Bite              |       |     7 ||     7
  Use: Scroll            |     1 |       ||     1
       Potion            |     1 |       ||     1
 Stab: Sleeping          |       |     1 ||     1
Armor: Leather armour    |     1 |     7 ||     8
Dodge: Dodged            |     3 |    41 ||    44
       Rpst.: Falchion   |     2 |    19 ||    21

Table legend: (Time is in decaauts)
 A = Elapsed time spent in this place.
 B = Non-inter-level travel time spent in this place.
 C = Inter-level travel time spent in this place.
 D = Time resting spent in this place.
 E = Time spent auto-exploring this place.
 F = Levels seen in this place.
 G = Mean time per level.
                   A        B        C        D        E       F      G
               +--------+--------+--------+--------+--------+-----+--------+
         Total |   1308 |   1308 |      0 |      0 |   1072 |   2 |  654.0 |
       Dungeon |   1308 |   1308 |      0 |      0 |   1072 |   2 |  654.0 |
               +--------+--------+--------+--------+--------+-----+--------+

Top non-repeatable levels by time:
     D:5: 1251 daAuts
     D:6: 57 daAuts
